 Dungeon Crawl Stone Soup version 0.21-a0-404-g291f19a (webtiles) character file.

29 Klosterheim the Skirmisher (level 3, 21/30 HPs)
             Began as a Formicid Abyssal Knight on Oct 29, 2017.
             Was a Follower of Lugonu.
             Got out of the dungeon alive.
             The game lasted 00:00:41 (80 turns).

Klosterheim the Skirmisher (Formicid Abyssal Knight)  Turns: 80, Time: 00:00:42

Health: 21/30      AC:  3    Str: 17      XL:     3   Next: 32%
Magic:  4/4        EV: 11    Int: 11      God:    Lugonu [*.....]
Gold:   0          SH:  0    Dex:  2 (10) Spells: 2/2 levels left

rFire    . . .     SeeInvis +   a - +1 hand axe
rCold    . . .     Gourm    .   (no shield)
rNeg     . . .     Faith    .   b - +0 leather armour
rPois    .         Spirit   .   (helmet unavailable)
rElec    .         Reflect  .   (no cloak)
rCorr    .         Harm     .   (no gloves)
MR       .....                  (no boots)
Stlth    ..........             (no amulet)
HPRegen  0.10/turn              (no ring)
MPRegen  0.09/turn              (no ring)

@: no status effects
A: permanent stasis, dig shafts and tunnels, four strong arms, antennae 3
a: Dig, Shaft Self, Depart the Abyss, Renounce Religion


You escaped.
You worshipped Lugonu.
Lugonu was aware of your devotion.
You were not hungry.

You visited 1 branch of the dungeon, and saw 1 of its levels.
You visited the Abyss 1 time.

Inventory:

Hand Weapons
 a - a +1 hand axe (weapon)
Armour
 b - a +0 leather armour (worn)
Comestibles
 c - a bread ration


   Skills:
 + Level 3.9 Fighting
 + Level 2.2 Axes
 + Level 2.7 Armour
 + Level 1.0 Dodging
 + Level 2.5 Invocations


You had 2 spell levels left.
You didn't know any spells.

Dungeon Overview and Level Annotations

Branches:
Dungeon (1/15)

Altars:


Innate Abilities, Weirdness & Mutations

You cannot be hasted, slowed, berserked, paralysed or teleported.
You can dig through walls and to a lower floor.
Your four strong arms can wield two-handed weapons with a shield.
You have a pair of large antennae on your head. (SInv)


Message History

You hit the quasit but do no damage.
The quasit is almost dead.
The quasit bites you.
You feel clumsy.
The quasit claws you but does no damage. x2
The quasit closely misses you. The quasit barely misses you. x2
Unknown command.
You hit the quasit.
You kill the quasit!
Lugonu accepts your kill.
You feel your dexterity returning.
Your Dodging skill increases to level 1!
You have reached level 2!
You have reached level 3!
Your experience leads to an increase in your attributes!
Your base attributes are Str 16, Int 11, Dex 10.
Increase (S)trength, (I)ntelligence, or (D)exterity?
You feel stronger.
Are you sure you want to leave the Dungeon?
This will make you lose the game!
You have escaped!

♣♣♣ ♣..
♣♣.♣♣♣
♣♣....♣
♣..@..♣
♣♣...♣♣
♣...♣
♣..♣♣
♣♣..
.♣. ♣ .
♣♣


There were no monsters in sight!

Vanquished Creatures
  A quasit (D:1)
1 creature vanquished.

Vanquished Creatures (others)
  2 starspawn tentacles (Abyss:1)
2 creatures vanquished.

Grand Total: 3 creatures vanquished

Notes
Turn   | Place    | Note
-------+----------+-------------------------------------------
     0 | Abyss:1  | Klosterheim the Formicid Abyssal Knight began the quest for the Orb.
     0 | Abyss:1  | Reached XP level 1. HP: 18/18 MP: 2/2
     6 | Abyss:1  | Found a corrupted altar of Lugonu.
    50 | Abyss:1  | Noticed a tentacled starspawn
    58 | Abyss:1  | Noticed a quasit
    62 | D:1      | Escaped the Abyss
    78 | D:1      | Killed a quasit
    78 | D:1      | Reached skill level 1 in Dodging
    78 | D:1      | Reached XP level 2. HP: 17/25 MP: 3/3
    78 | D:1      | Reached XP level 3. HP: 21/30 MP: 4/4
    80 | D:$      | Got out of the dungeon alive.

Vault maps used:
D:1:      roderic_dead_forest

Skill      XL: |  1 |
---------------+----+-----
Dodging        | 1 |  1.0
Fighting       | |  3.9
Axes           | |  2.2
Armour         | |  2.7
Invocations    | |  2.5

Action                   || total
-------------------------++-------
Melee: Hand axe          ||    14
  Use: Potion            ||     2
Armor: Leather armour    ||    20
Dodge: Dodged            ||    41

Table legend:
 A = Spawn XP
 B = Non-spawn XP
 C = Spawn XP percentage of total XP
 D = Spawn monster count
 E = Non-spawn monster count
 F = Spawn count percentage of total count
 G = Total turns spent on level
                    A         B        C        D         E        F      G
               +---------+---------+-------+---------+---------+-------+---------
         Total |       0 |      42 |   0.0 |       0 |       1 |   0.0 |    80
               +---------+---------+-------+---------+---------+-------+---------
           D:1 |       0 |      42 |   0.0 |       0 |       1 |   0.0 |    18
               +---------+---------+-------+---------+---------+-------+---------
